[Event "Early-Titled-Tuesday-Blitz-January-16-2024"]
[Site "Chess.com"]
[Date "2024.01.16"]
[Round "6"]
[White "inneremptiness"]
[Black "mishanick"]
[Result "1-0"]
[WhiteElo "2890"]
[BlackElo "3077"]
[TimeControl "180+1"]
[EndTime "9:14:48 PST"]
[Termination "inneremptiness won by checkmate"]

1. e4 c5 2. Nf3 d6 3. d4 cxd4 4. Nxd4 Nf6 5. Nc3 a6 6. h3 b5 7. a4 b4 8. Nd5 e6 9. Nxf6+ Qxf6 10. Be3 Be7 11. Bd3 O-O 12. O-O Bb7 13. f4 Nc6 14. c3 bxc3 15. bxc3 e5 16. fxe5 Qxe5 17. Rb1 Nd8 18.
Rf5 Qg3 19. Rf3 Qg6 20. Nf5 Re8 21. Rg3 Bf8 22. Rxg6 hxg6 23. Nd4 Rc8 24. Bd2 Bxe4 25. Bxe4 Rxe4 26. Qf1 Ra8 27. Qc4 Re5 28. Qc7 Rc5 29. Qd7 Rac8 30. Qg4 Rc4 31. Qe2 Rxa4 32. Rb6 a5 33.
Ra6 Ra2 34. Qd3 Rb8 35. Nf3 Ne6 36. Qd5 Ra1+ 37. Kh2 a4 38. Ra7 a3 39. Ng5 Nxg5 40.
Bxg5 Rf1 41. Rxa3 Rf5 42. Qd2 d5 43. Ra6 Re8 44. Bf4 Re4 45. Bg3 Bc5 46. Ra5 d4 47. cxd4 Rxd4 48. Qe2 Rd8 49. Qe4 Rc8 50. Ra8 Rxa8 51.
Qxa8+ Kh7 52. Qe4 Ba3 53. Qh4+ Kg8 54. Qd8+ Kh7 55. Qc8 Bb2 56. Qc4 Bf6 57. Qg4 Be5 58. Bxe5 Rxe5 59. Qh4+ Rh5 60. Qc4 f6 61. g4 Re5 62.
Kg3 g5 63. Qd3+ Kg8 64. Qg6 Kf8 65. Qh7 Kf7 66. Qd3 Kf8 67. Qb3 Re7 68. Kf3 Re5 69. Kg3 Re7 70. h4 gxh4+ 71. Kxh4 Re5 72. Qc4 Rg5 73.
Qc8+ Kf7 74. Qh8 Re5 75. Qa8 Rg5 76. Qc8 Re5 77. Kg3 Rg5 78. Kf4 Re5 79. Qc7+ Kf8 80. Qb8+ Kf7 81. Qb3+ Kf8 82. Qa2 Rg5 83. Qa8+ Kf7 84.
Qb7+ Kf8 85. Qc8+ Kf7 86. Ke4 Re5+ 87. Kd4 Kg6 88. Qd7 Kh7 89. Kd3 Kh6 90. Kd4 Re1 91.
Qf5 Re5 92. Qd7 Kg6 93. Kd3 Rg5 94. Ke4 Re5+ 95. Kf4 Kh7 96. Qd8 Rg5 97. Qe8 Re5 98. Qf8 Rg5 99. Qb8 Re5 100. Qb1+ Kg8 101. Kg3 Re3+ 102. Kf4 Re5 103. Qb2 Kf7 104. Qb3+ Kg6 105. Qg8 Rg5 106. Qh8 Kf7 107. Qc8 Re5 108. Qc7+ Kg6 109. Qc2+ Kh6 110. Qh2+ Kg6 111. Qa2 Kh6 112. Qg8 Rg5 113. Qa2 Kh7 114. Qf7 Re5 115. Kf3 Kh6 116. Qf8 Kg6 117. Qa3 Kf7 118. Qb3+ Kf8 119. Kf4 g5+ 120. Kf3 Kg7 121. Qb7+ Kg6 122. Qc8 Kf7 123. Qd7+ Kg6 124. Qc7 Re6 125. Qc8 Kf7 126. Qh8 Re5 127. Kg3 Re3+ 128. Kg2 Re5 129. Kf3 Re7 130. Qh7+ Ke6 131. Qg6 Ke5 132. Ke3 Ke6 133. Kd4 Rd7+ 134. Ke4 Rd6 135. Qe8# 1-0

[Event "Early-Titled-Tuesday-Blitz-January-16-2024"]
[Site "Chess.com"]
[Date "2024.01.16"]
[Round "7"]
[White "hakanazeri2"]
[Black "TregubovP"]
[Result "1-0"]
[WhiteElo "2550"]
[BlackElo "2671"]
[TimeControl "180+1"]
[EndTime "9:16:51 PST"]
[Termination "hakanazeri2 won by resignation"]

1. Nf3 c5 2. c4 Nf6 3. Nc3 Nc6 4. g3 d5 5. d4 cxd4 6. Nxd4 dxc4 7.
Nxc6 Qxd1+ 8. Nxd1 bxc6 9. Ne3 e6 10. Bg2 Nd5 11. Nxc4 Bb4+ 12. Bd2 Rb8 13. Rc1 Ba6 14. b3 Ba3 15. Nxa3 1-0

[Event "Early-Titled-Tuesday-Blitz-January-16-2024"]
[Site "Chess.com"]
[Date "2024.01.16"]
[Round "7"]
[White "CrushingKings"]
[Black "ContrVersia"]
[Result "0-1"]
[WhiteElo "2661"]
[BlackElo "2834"]
[TimeControl "180+1"]
[EndTime "9:17:11 PST"]
[Termination "ContrVersia won by resignation"]

1. Nf3 g6 2. d4 Bg7 3. g3 c5 4. d5 b5 5. a4 b4 6. e4 d6 7. Nbd2 Nf6 8. Bg2 O-O 9. O-O Nbd7 10. Re1 Ba6 11. a5 Qc7 12. Nb3 Rfe8 13. h3 Rad8 14. Bg5 h6 15. Bd2 e6 16. Bf4 g5 17.
dxe6 Rxe6 18. e5 dxe5 19. Bxe5 Nxe5 0-1

[Event "Early-Titled-Tuesday-Blitz-January-16-2024"]
[Site "Chess.com"]
[Date "2024.01.16"]
[Round "7"]
[White "GodDMuhammad"]
[Black "aistrel"]
[Result "1-0"]
[WhiteElo "2392"]
[BlackElo "2542"]
[TimeControl "180+1"]
[EndTime "9:18:07 PST"]
[Termination "GodDMuhammad won by checkmate"]

1. f4 d5 2. Nf3 Nc6 3. g3 f6 4. Bg2 e5 5. d3 Bf5 6. Nh4 Be6 7. fxe5 fxe5 8. c3 Bc5 9. b4 Bb6 10. b5 Nce7 11. Ba3 Ng6 12. Nxg6 hxg6 13. Nd2 Qg5 14.
Nf3 Qh5 15. Qa4 Nf6 16. h3 e4 17. dxe4 Nxe4 18. Nd4 Nxc3 19. Qb4 Bxd4 20. Qe7# 1-0

[Event "Early-Titled-Tuesday-Blitz-January-16-2024"]
[Site "Chess.com"]
[Date "2024.01.16"]
[Round "7"]
[White "adotand"]
[Black "AGW2016"]
[Result "1-0"]
[WhiteElo "2874"]
[BlackElo "2612"]
[TimeControl "180+1"]
[EndTime "9:18:12 PST"]
[Termination "adotand won by resignation"]

1. Nf3 Nf6 2. c4 g6 3. e3 Bg7 4. d4 O-O 5. Nc3 c5 6. Be2 cxd4 7. exd4 d5 8. O-O dxc4 9. Bxc4 Bg4 10. Be3 Nc6 11.
d5 Ne5 12. Be2 Nxf3+ 13. Bxf3 Bxf3 14. Qxf3 Rc8 15. Rad1 a6 16. Rfe1 Ne8 17. Bg5 Bf6 18. h4 h5 19. Ne4 Bxg5 20. Nxg5 Nd6 21. Qe2 Nf5 22. g3 Qd7 23. Rd2 Rc5 24. Qf3 Rfc8 25. Ree2 Rc1+ 26. Kh2 Ra1 27. Rc2 Rxc2 28. Rxc2 Rxa2 29.
d6 Qxd6 30. Qb3 1-0

[Event "Early-Titled-Tuesday-Blitz-January-16-2024"]
[Site "Chess.com"]
[Date "2024.01.16"]
[Round "7"]
[White "Manukyan_Artak"]
[Black "Alexei_Kornev"]
[Result "0-1"]
[WhiteElo "2548"]
[BlackElo "2710"]
[TimeControl "180+1"]
[EndTime "9:18:51 PST"]
[Termination "Alexei_Kornev won by resignation"]

1. e4 c5 2. Nf3 d6 3. Bb5+ Bd7 4. Bxd7+ Nxd7 5. c4 Ngf6 6. Nc3 g6 7. d3 Bg7 8. O-O O-O 9. Bg5 a6 10. a4 h6 11. Be3 Ng4 12. Bf4 Nge5 13. Nxe5 Nxe5 14. h3 Kh7 15. Be3 Nc6 16. f4 e6 17. f5 exf5 18.
exf5 Nb4 19. Qd2 Re8 20. Rae1 Qd7 21. f6 Bf8 22. Bf2 d5 23. Rxe8 Rxe8 24. Re1 Rxe1+ 25. Bxe1 dxc4 26. dxc4 Qe6 27. Nd5 Nxd5 28. Qxd5 Qxe1+ 0-1

[Event "Early-Titled-Tuesday-Blitz-January-16-2024"]
[Site "Chess.com"]
[Date "2024.01.16"]
[Round "7"]
[White "yaguigor"]
[Black "TrompeterImEther"]
[Result "0-1"]
[WhiteElo "2636"]
[BlackElo "2508"]
[TimeControl "180+1"]
[EndTime "9:19:18 PST"]
[Termination "TrompeterImEther won by resignation"]

1. Nf3 Nf6 2. c4 g6 3. Nc3 Bg7 4. e4 e5 5. Nxe5 O-O 6. d4 Re8 7. f3 c5 8. Be3 cxd4 9. Bxd4 d5 10. cxd5 Nxe4 11. Nxe4 f5 12. Bd3 fxe4 13. Bxe4 Bxe5 14. Bxe5 Rxe5 15. O-O Bf5 16. Qd4 Qd6 17. Rad1 Nd7 18. Bxf5 Rxf5 19. f4 Nb6 20. g3 Rxd5 0-1

[Event "Early-Titled-Tuesday-Blitz-January-16-2024"]
[Site "Chess.com"]
[Date "2024.01.16"]
[Round "7"]
[White "goodwilll"]
[Black "Malikova777"]
[Result "0-1"]
[WhiteElo "2405"]
[BlackElo "2302"]
[TimeControl "180+1"]
[EndTime "9:19:46 PST"]
[Termination "Malikova777 won by resignation"]

1. e4 c6 2. d4 d5 3. Nc3 dxe4 4. Nxe4 Bf5 5. Ng3 Bg6 6. h4 h6 7. N1e2 Nd7 8. Nf4 Bh7 9. Bd3 Bxd3 10. Qxd3 e5 11.
dxe5 Qa5+ 12. Bd2 Qxe5+ 13. Qe2 O-O-O 14. O-O-O Bc5 15. Qxe5 Nxe5 16. Bc3 Bxf2 17. Rxd8+ Kxd8 18. Bxe5 Bxg3 19. Rd1+ Kc8 20. Nd3 Bxh4 21. Bxg7 Rh7 22. Bd4 b6 23. Ne5 c5 24. Bc3 Ne7 25. Rd7 Bf6 26. Rxa7 Bxe5 27. Bxe5 Nc6 28. Bc3 Nxa7 0-1

[Event "Early-Titled-Tuesday-Blitz-January-16-2024"]
[Site "Chess.com"]
[Date "2024.01.16"]
[Round "7"]
[White "VeraVujovic"]
[Black "NewYearGirl"]
[Result "0-1"]
[WhiteElo "2213"]
[BlackElo "2383"]
[TimeControl "180+1"]
[EndTime "9:19:47 PST"]
[Termination "NewYearGirl won by checkmate"]

1. e4 c5 2. Nf3 d6 3. d4 cxd4 4. Nxd4 Nf6 5. Nc3 g6 6. Be3 Bg7 7. f3 O-O 8. Bc4 Nc6 9. Qd2 Bd7 10. O-O-O Rb8 11. h4 b5 12. Bb3 Na5 13. Bh6 Bxh6 14.
Qxh6 e5 15. Nde2 Nxb3+ 16. cxb3 b4 17. Nd5 Nxd5 18. Rxd5 Be6 19. Rd2 Rb6 20. h5 g5 21.
g3 Ra6 22. Kb1 f6 23. f4 Qa5 24. Nc1 Bxb3 25. axb3 Rc8 26. Rc2 Qa1# 0-1

[Event "Early-Titled-Tuesday-Blitz-January-16-2024"]
[Site "Chess.com"]
[Date "2024.01.16"]
[Round "7"]
[White "SergioMoralesG"]
[Black "cycygogne"]
[Result "1-0"]
[WhiteElo "2440"]
[BlackElo "2296"]
[TimeControl "180+1"]
[EndTime "9:19:53 PST"]
[Termination "SergioMoralesG won by resignation"]

1. d4 c5 2. d5 e6 3. Nc3 exd5 4.
Nxd5 d6 5. g3 Be6 6. Bg2 Nf6 7.
Bg5 Nc6 8. Bxf6 gxf6 9. Nf3 Bg7 10. O-O O-O 11. c3 Ne5 12. Nh4 Rc8 13. Qc2 Qd7 14. Rad1 Rfe8 15. Be4 Ng6 16. Nf5 Bxd5 17. Rxd5 Re6 18.
Nxg7 Kxg7 19. Bf5 Qc6 20. Bxe6 fxe6 21. Rd2 d5 22. f4 e5 23. Rfd1 d4 24. cxd4 exd4 25.
e3 dxe3 26. Rd7+ Kg8 27. Qc4+ Kh8 28. Qf7 1-0

[Event "Early-Titled-Tuesday-Blitz-January-16-2024"]
[Site "Chess.com"]
[Date "2024.01.16"]
[Round "7"]
[White "DAVIDHDZSTS"]
[Black "UK_23"]
[Result "0-1"]
[WhiteElo "1996"]
[BlackElo "2367"]
[TimeControl "180+1"]
[EndTime "9:19:57 PST"]
[Termination "UK_23 won by resignation"]

1. d4 g6 2. Nc3 Bg7 3. Bf4 d6 4.
e3 Nd7 5. h4 h6 6. Bd3 e5 7.
dxe5 dxe5 8. Bg3 Ne7 9. Bc4 c6 10. Nge2 Qc7 11. Qd2 Nb6 12. Bb3 a5 13. a3 a4 14. Ba2 Nf5 15. e4 Nxg3 16. Nxg3 h5 17. O-O Qe7 18. Qg5 Bf6 19. Qe3 Ra6 20. Nh1 Bxh4 21.
f4 exf4 22. Qxf4 O-O 23. Bxf7+ Rxf7 24. Qxf7+ Qxf7 25. Rxf7 Kxf7 26. Rf1+ Ke7 0-1

[Event "Early-Titled-Tuesday-Blitz-January-16-2024"]
[Site "Chess.com"]
[Date "2024.01.16"]
[Round "7"]
[White "GMRAVEN_ON_YOUTUBE"]
[Black "Yeritsyaan"]
[Result "1-0"]
[WhiteElo "2824"]
[BlackElo "2651"]
[TimeControl "180+1"]
[EndTime "9:20:00 PST"]
[Termination "GMRAVEN_ON_YOUTUBE won by resignation"]

1. f4 e5 2. fxe5 d6 3. exd6 Bxd6 4. Nf3 c5 5. e4 Nc6 6. Nc3 Nge7 7. Bc4 Ng6 8. d3 Nge5 9. Bd5 Bg4 10. O-O Nd4 11.
Nxe5 Bxd1 12. Bxf7+ Kf8 13. Bb3+ Ke8 14. Ba4+ b5 15. Nxb5 Bxe5 16. Nxd4+ Qd7 17. Bxd7+ Kxd7 18. Nf3 Bxf3 19. Rxf3 Raf8 20. c3 Ke6 21. Be3 Rd8 22. Bxc5 1-0

[Event "Early-Titled-Tuesday-Blitz-January-16-2024"]
[Site "Chess.com"]
[Date "2024.01.16"]
[Round "7"]
[White "Darkbluelord"]
[Black "FredddieCroderg"]
[Result "0-1"]
[WhiteElo "2176"]
[BlackElo "2339"]
[TimeControl "180+1"]
[EndTime "9:20:01 PST"]
[Termination "FredddieCroderg won by resignation"]

1. e4 d6 2. d4 g6 3. f4 Bg7 4. Nf3 Bg4 5. Be2 e5 6. O-O Bxf3 7. Bxf3 exd4 8. e5 Nc6 9. Re1 dxe5 10. fxe5 Nge7 11. e6 fxe6 12. Rxe6 O-O 13. Bg5 Qd7 14. Bg4 Nf5 15. Re1 Rae8 16. Nd2 Qd5 17. Bf3 Qc5 18. Ne4 Qb6 19. Rb1 Ne5 20. Kh1 Nxf3 21. Qxf3 Ne3 22. Bf4 Qc6 0-1

[Event "Early-Titled-Tuesday-Blitz-January-16-2024"]
[Site "Chess.com"]
[Date "2024.01.16"]
[Round "7"]
[White "Alexchess1984"]
[Black "Journey_to_GrandMaster_YT"]
[Result "1-0"]
[WhiteElo "2679"]
[BlackElo "2511"]
[TimeControl "180+1"]
[EndTime "9:20:02 PST"]
[Termination "Alexchess1984 won by checkmate"]

1. e4 d6 2. d4 Nf6 3. Nc3 e5 4. Nf3 Nbd7 5. Bc4 Be7 6. O-O O-O 7. a4 c6 8. Re1 a5 9. h3 Nb6 10. Bb3 Nfd7 11. Be3 exd4 12. Bxd4 Nc5 13. Bxc5 dxc5 14. Qe2 Qd6 15. Rad1 Qg6 16. Kh1 Be6 17. Bxe6 Qxe6 18. b3 c4 19. Nd4 Qg6 20. Nf5 Bb4 21. Qe3 Rfe8 22. Qxb6 Bxc3 23. Re3 Bb4 24. Qxb7 cxb3 25. cxb3 Bc5 26. Rg3 Qf6 27. Rxg7+ Kh8 28. Rxf7 Qg6 29.
Rg7 Qh5 30. f3 Ra7 31. Qxa7 Bxa7 32. Rxa7 Qg5 33. Rdd7 Qc1+ 34. Kh2 Qf4+ 35. g3 Qxf3 36. Rxh7+ Kg8 37. Rag7+ Kf8 38. Rh8# 1-0

[Event "Early-Titled-Tuesday-Blitz-January-16-2024"]
[Site "Chess.com"]
[Date "2024.01.16"]
[Round "7"]
[White "K_A_S_T_O_R"]
[Black "MITerryble"]
[Result "1-0"]
[WhiteElo "2922"]
[BlackElo "3018"]
[TimeControl "180+1"]
[EndTime "9:20:10 PST"]
[Termination "K_A_S_T_O_R won by resignation"]

1. e4 c6 2. Nf3 d5 3. d3 g6 4.
Qe2 Bg7 5. Nbd2 Nh6 6. g3 O-O 7. Bg2 e5 8. O-O Re8 9. a3 f5 10. b4 Nf7 11. Bb2 Nd7 12. c4 Nb6 13. Rac1 dxe4 14.
dxe4 c5 15. Nb3 Na4 16. Ba1 Qc7 17. Rfd1 Rb8 18. Ne1 f4 19. Nd3 b6 20. b5 a6 21.
Nd2 Be6 22. Nf3 axb5 23. cxb5 Bb3 24. Re1 fxg3 25. hxg3 Rbd8 26. Nd2 Be6 27. Nc4 Qd7 28. Ndxe5 Qxb5 29. Nxf7 Bxf7 30. Bxg7 Kxg7 31. Nd6 c4 32.
Nxb5 1-0

[Event "Early-Titled-Tuesday-Blitz-January-16-2024"]
[Site "Chess.com"]
[Date "2024.01.16"]
[Round "7"]
[White "ChessBliss09"]
[Black "stepanosinovsky"]
[Result "0-1"]
[WhiteElo "2093"]
[BlackElo "2389"]
[TimeControl "180+1"]
[EndTime "9:20:14 PST"]
[Termination "stepanosinovsky won by checkmate"]

1. e4 e5 2. Nf3 Nc6 3. Bc4 Nf6 4. d3 Be7 5. c3 O-O 6. O-O d5 7.
exd5 Nxd5 8. h3 Kh8 9. Re1 Qd6 10. b4 a6 11. a4 f5 12. Ba3 Nf4 13. g3 Nxh3+ 14.
Kg2 f4 15. b5 Qg6 16. bxc6 Nxf2 17. Qe2 Qxg3+ 18. Kf1 Bh3# 0-1

[Event "Early-Titled-Tuesday-Blitz-January-16-2024"]
[Site "Chess.com"]
[Date "2024.01.16"]
[Round "7"]
[White "A-Fier"]
[Black "jinbojinbo"]
[Result "0-1"]
[WhiteElo "2784"]
[BlackElo "2655"]
[TimeControl "180+1"]
[EndTime "9:20:18 PST"]
[Termination "jinbojinbo won by resignation"]

1. e4 c5 2. Nf3 d6 3. b4 cxb4 4. a3 bxa3 5. d4 g6 6. Bd3 Bg7 7. c3 Nf6 8. h4 h5 9. Ng5 Nc6 10. Nxa3 O-O 11. Be3 a6 12. f3 Bd7 13. g4 hxg4 14. h5 gxh5 15. f4 e5 16. Nc4 exd4 17. cxd4 Nb4 18. e5 dxe5 19. fxe5 Re8 20. exf6 Qxf6 21.
Ne5 Rxe5 22. dxe5 Qxe5 23. Bh7+ Kf8 24. Kf2 g3+ 25. Kf3 Bg4+ 26. Kg2 Bxd1 27. Ne4 Qxa1 28.
Bc5+ Ke8 29. Bf5 Bf3+ 30. Kxg3 Be5+ 0-1

[Event "Early-Titled-Tuesday-Blitz-January-16-2024"]
[Site "Chess.com"]
[Date "2024.01.16"]
[Round "7"]
[White "publicaccountcze"]
[Black "santosalberto1987"]
[Result "0-1"]
[WhiteElo "2321"]
[BlackElo "2499"]
[TimeControl "180+1"]
[EndTime "9:20:30 PST"]
[Termination "santosalberto1987 won by resignation"]

1. e4 e6 2. d4 d5 3. Nd2 c5 4. Ngf3 cxd4 5. Nxd4 Nf6 6. exd5 Nxd5 7. N2f3 Bb4+ 8. Bd2 Be7 9. Be2 O-O 10. O-O a6 11. c4 Nb4 12. a3 N4c6 13. Bc3 Bf6 14. Qd2 Nxd4 15. Nxd4 Nc6 16. Rad1 Nxd4 17. Bxd4 e5 18.
Bc3 Qxd2 19. Rxd2 Be6 20. Bf3 Bxc4 21. Bxb7 Rab8 22. Rd7 Bb5 23. Rc7 Bd8 24. Rxf7 Rxf7 25. Bd5 Bxf1 26. Bxe5 Rb5 0-1

[Event "Early-Titled-Tuesday-Blitz-January-16-2024"]
[Site "Chess.com"]
[Date "2024.01.16"]
[Round "7"]
[White "SujanaLohani"]
[Black "kai_nov"]
[Result "0-1"]
[WhiteElo "1996"]
[BlackElo "2319"]
[TimeControl "180+1"]
[EndTime "9:20:31 PST"]
[Termination "kai_nov won by resignation"]

1. d4 d5 2. Nf3 Nf6 3. c4 e6 4. g3 Be7 5. Bg2 O-O 6. O-O c6 7. Qc2 Nbd7 8. Rd1 dxc4 9. Qxc4 Nb6 10. Qc2 Nfd5 11. Nc3 Nb4 12. Qb3 a5 13. a4 N6d5 14. e4 Nxc3 15. bxc3 Na6 16. Ba3 Bxa3 17. Rxa3 Rb8 18.
d5 exd5 19. exd5 cxd5 20. Rxd5 Qe7 21. Rxa5 Be6 22. Qb2 Rfd8 23. Nd4 Nc5 24. Qb4 b6 25. Rb5 Bd7 26. Rxb6 Qe1+ 27. Bf1 Bh3 28. Qc4 Rxb6 29. a5 Rb1 0-1

[Event "Early-Titled-Tuesday-Blitz-January-16-2024"]
[Site "Chess.com"]
[Date "2024.01.16"]
[Round "7"]
[White "FMCASTE"]
[Black "sergeikim"]
[Result "1-0"]
[WhiteElo "2499"]
[BlackElo "2603"]
[TimeControl "180+1"]
[EndTime "9:20:33 PST"]
[Termination "FMCASTE won by resignation"]

1. d4 Nf6 2. Bf4 g6 3. Nc3 d6 4.
e4 c6 5. Qd2 Qa5 6. f3 b5 7. e5 b4 8. exf6 bxc3 9. bxc3 exf6 10. Qe3+ Be6 11. Bc4 d5 12. Bb3 Nd7 13. Ne2 g5 14.
Bg3 Be7 15. a4 O-O 16. h4 h6 17. Kf2 Rfe8 18. hxg5 hxg5 19. Rh5 Bf8 20. Rah1 Bg7 21. Qd3 f5 22. Rxg5 Nf8 23. Nf4 Nh7 24. Rxg7+ Kxg7 25. Nh5+ Kg8 26. Be5 Qd8 27. g4 fxg4 28. Qxh7+ Kxh7 29. Nf4+ 1-0

[Event "Early-Titled-Tuesday-Blitz-January-16-2024"]
[Site "Chess.com"]
[Date "2024.01.16"]
[Round "7"]
[White "DamianoLew95"]
[Black "Predo63"]
[Result "1-0"]
[WhiteElo "2663"]
[BlackElo "2500"]
[TimeControl "180+1"]
[EndTime "9:20:35 PST"]
[Termination "DamianoLew95 won by resignation"]

1. e4 c6 2. Nf3 d5 3. d3 dxe4 4. dxe4 Qxd1+ 5. Kxd1 Bg4 6. Bd3 Nd7 7. Ke2 Nc5 8. Be3 Nxd3 9. cxd3 Bxf3+ 10. gxf3 e5 11. Nd2 f6 12. a4 Bb4 13. Nc4 a5 14. f4 exf4 15. Bxf4 Ne7 16. Rhg1 Kf7 17. h4 Rhd8 18. h5 g5 19. hxg6+ hxg6 20. Rh1 Rh8 21. Bd2 Ke6 22. Rxh8 Rxh8 23. Nxa5 Bxa5 24. Bxa5 g5 25. b4 Ng6 26.
Bc7 Rc8 27. Bg3 Ra8 28. a5 Ne5 29. Bxe5 Kxe5 30. Rh1 b6 31. axb6 Rb8 32. Ke3 Rxb6 33. Rc1 Kd6 34. Rc4 Ra6 35. f4 gxf4+ 36. Kxf4 Ra3 37. Rd4+ Ke6 38. Ke3 Rb3 39. Kd2 Ke5 40.
Rc4 Kd6 41. Kc2 Ra3 42. Rc5 Ra2+ 43. Kc3 Ra1 44. Rf5 Ke6 45. Kd4 Ra3 46. Kc4 Ke7 47.
Ra5 1-0

[Event "Early-Titled-Tuesday-Blitz-January-16-2024"]
[Site "Chess.com"]
[Date "2024.01.16"]
[Round "7"]
[White "ritanovikova"]
[Black "cristiano78"]
[Result "1-0"]
[WhiteElo "2172"]
[BlackElo "2233"]
[TimeControl "180+1"]
[EndTime "9:20:35 PST"]
[Termination "ritanovikova won by resignation"]

1. e4 c5 2. Nc3 d6 3. d3 g6 4. g3 Bg7 5. Bg2 Nc6 6. Be3 Rb8 7. Nge2 Nd4 8. Qd2 b5 9. Nd1 Nxe2 10. Qxe2 Nf6 11.
h3 a5 12. O-O a4 13. a3 O-O 14. Qd2 Bd7 15. Bh6 Qc8 16. Bxg7 Kxg7 17. Kh2 b4 18. axb4 cxb4 19. f4 Qc6 20. e5 Nd5 21. Ne3 Be6 22. f5 gxf5 23. Bxd5 Bxd5 24. Nxf5+ Kh8 25. Nxe7 Qc5 26. d4 Qc4 27. Qf2 f5 28. exf6 Rf7 29.
b3 axb3 30. cxb3 Qb5 31. Qf5 Bc6 32. Nxc6 Qxc6 33. Rac1 Qb6 34. Qd5 Rbf8 35. Rc6 Qa7 36. Rf2 Qa1 37. Rxd6 Qc3 38. Qxf7 1-0

[Event "Early-Titled-Tuesday-Blitz-January-16-2024"]
[Site "Chess.com"]
[Date "2024.01.16"]
[Round "7"]
[White "vasblesk"]
[Black "koncheto"]
[Result "1-0"]
[WhiteElo "2775"]
[BlackElo "2587"]
[TimeControl "180+1"]
[EndTime "9:20:42 PST"]
[Termination "vasblesk won by checkmate"]

1. d4 Nf6 2. c4 e6 3. Nf3 c5 4. g3 cxd4 5. Nxd4 Nc6 6. Bg2 Be7 7. O-O O-O 8. Nc3 a6 9. b3 Qc7 10. Bb2 d6 11. Rc1 Nxd4 12. Qxd4 Bd7 13. Ne4 Rfd8 14. Rfd1 Bc6 15. Qd3 Rac8 16. Nxf6+ Bxf6 17. Bxf6 gxf6 18. e4 Qe7 19. Qe3 b5 20. cxb5 axb5 21. h4 Ba8 22. h5 Rxc1 23. Rxc1 d5 24. exd5 Bxd5 25. Bxd5 Rxd5 26.
h6 f5 27. Rc8+ Rd8 28. Qd4 Rxc8 29. Qg7# 1-0

[Event "Early-Titled-Tuesday-Blitz-January-16-2024"]
[Site "Chess.com"]
[Date "2024.01.16"]
[Round "7"]
[White "Aleksandar-Topalov"]
[Black "JoliyRoger"]
[Result "0-1"]
[WhiteElo "2302"]
[BlackElo "2461"]
[TimeControl "180+1"]
[EndTime "9:20:44 PST"]
[Termination "JoliyRoger won by resignation"]

1. b3 d5 2. Bb2 c5 3. e3 a6 4.
Nf3 Nc6 5. d4 cxd4 6. exd4 Nf6 7. Bd3 Bg4 8. a3 e6 9. Nbd2 Bd6 10. O-O Qc7 11. Qe1 O-O 12. Ne5 Bf5 13. Rc1 Rac8 14. Qe2 Rfe8 15. Rfe1 Qa5 16. b4 Qd8 17. c4 Bxd3 18.
Qxd3 dxc4 19. Ndxc4 Ne7 20. Qe2 Ng6 21. Qf3 b5 22.
Na5 Rxc1 23. Rxc1 Bxe5 24. dxe5 Nd5 25. g3 Qg5 26. Qe2 h5 27. Rc6 Rd8 28. Rxa6 Ndf4 29. Qe1 Nh4 30. Kh1 Nd3 31. Qe2 Nxf2+ 0-1

[Event "Early-Titled-Tuesday-Blitz-January-16-2024"]
[Site "Chess.com"]
[Date "2024.01.16"]
[Round "7"]
[White "Rsnr"]
[Black "Konavets"]
[Result "0-1"]
[WhiteElo "2867"]
[BlackElo "3143"]
[TimeControl "180+1"]
[EndTime "9:20:45 PST"]
[Termination "Konavets won by resignation"]

1. d4 d5 2. c4 c6 3. Nf3 e6 4. Qc2 dxc4 5. Qxc4 b5 6. Qc2 Bb7 7. e4 a6 8. a4 Nd7 9. Be3 Ngf6 10. Bd3 Rc8 11. Qe2 Bb4+ 12. Nbd2 c5 13. axb5 axb5 14. Bxb5 cxd4 15. Nxd4 O-O 16. O-O Nc5 17. e5 Nd5 18.
Nc4 Nxe3 19. Qxe3 Qd5 20. Nf3 Ne4 21. Nb6 Qxb5 22. Nxc8 Rxc8 23. Rfc1 Bc5 24. Nd4 Qxb2 25. Rab1 Qxd4 26. Qxd4 Bxd4 27. Rxc8+ Bxc8 28. Rb8 g6 29. Rxc8+ Kg7 30. g3 Nxf2 31. Kg2 Ng4 32. Kf3 Nxh2+ 33. Ke4 Bf2 34. Kf4 h5 35. Rc2 Ng4 36. Kf3 Bd4 0-1

[Event "Early-Titled-Tuesday-Blitz-January-16-2024"]
[Site "Chess.com"]
[Date "2024.01.16"]
[Round "7"]
[White "Bkmzzzzz"]
[Black "slorovel"]
[Result "1-0"]
[WhiteElo "2421"]
[BlackElo "2561"]
[TimeControl "180+1"]
[EndTime "9:20:49 PST"]
[Termination "Bkmzzzzz won by resignation"]

1. e4 e6 2. Nf3 d5 3. exd5 exd5 4. d4 Bd6 5. c4 dxc4 6. Bxc4 Nf6 7. O-O O-O 8. Bg5 h6 9. Bh4 Nc6 10. Nc3 Bg4 11.
h3 Bh5 12. Re1 a6 13. g4 Bg6 14. Ne5 Bh7 15. Nxc6 bxc6 16. Qf3 Rb8 17. b3 g5 18. Bg3 Bxg3 19. Qxg3 a5 20. Rad1 Kg7 21.
Qf3 Qd6 22. Re5 Qb4 23. Ne2 Nd7 24. Ng3 Nxe5 25. Nh5+ Kg8 26. Qf6 Nf3+ 27. Kh1 1-0

[Event "Early-Titled-Tuesday-Blitz-January-16-2024"]
[Site "Chess.com"]
[Date "2024.01.16"]
[Round "7"]
[White "GMSrinath"]
[Black "SashaKuzhilniy"]
[Result "1/2-1/2"]
[WhiteElo "2826"]
[BlackElo "2668"]
[TimeControl "180+1"]
[EndTime "9:20:51 PST"]
[Termination "Game drawn by agreement"]

1. Nf3 e6 2. c4 Nf6 3. e3 d5 4.
b3 Be7 5. Bb2 O-O 6. Be2 c5 7.
cxd5 Nxd5 8. O-O Nc6 9. d4 b6 10. dxc5 Bxc5 11. Nbd2 Bb7 12. Ne4 Be7 13. Rc1 Rc8 14.
a3 h6 15. b4 Nf6 16. Qxd8 Rfxd8 17. Nxf6+ Bxf6 18. Bxf6 gxf6 19. Rfe1 Kf8 20. h4 Ke7 21. Kh2 Ne5 22. Nd4 f5 23. f3 Rxc1 24. Rxc1 Rc8 25.
Rxc8 Bxc8 26. f4 Ng6 27. h5 Nf8 28. Nc6+ Kd6 29. Nxa7 Bd7 30. Bb5 Kd5 31. a4 Bxb5 32. Nxb5 Kc4 33. Nd6+ Kxb4 34. Nxf7 Kxa4 35. Nxh6 b5 36. Nf7 b4 37. Ne5 b3 38. Nd3 Kb5 1/2-1/2

[Event "Early-Titled-Tuesday-Blitz-January-16-2024"]
[Site "Chess.com"]
[Date "2024.01.16"]
[Round "7"]
[White "giomar27"]
[Black "FranciscodelaF"]
[Result "1-0"]
[WhiteElo "2420"]
[BlackElo "2259"]
[TimeControl "180+1"]
[EndTime "9:20:54 PST"]
[Termination "giomar27 won by checkmate"]

1. Nc3 e5 2. Nf3 Nc6 3. d4 exd4 4. Nxd4 Nxd4 5. Qxd4 Nf6 6. Bg5 Be7 7. e4 O-O 8. Bc4 Re8 9. O-O d6 10. Rfe1 h6 11.
Bf4 Nh5 12. Be3 Bf6 13. Qd2 Bxc3 14. bxc3 Rxe4 15. Qd5 Rxc4 16. Qxc4 Be6 17. Qd3 Qh4 18.
g3 Qh3 19. c4 Nf6 20. Bd4 Ng4 21. Rab1 Re8 22. f3 Qxh2+ 23. Kf1 Ne3+ 24. Rxe3 Bh3+ 25. Ke1 Qg1+ 26. Kd2 Qf2+ 27. Kc3 Rxe3 28. Qxe3 Qxg3 29. Rg1 Qh4 30. Qe8+ Kh7 31. Rxg7# 1-0

[Event "Early-Titled-Tuesday-Blitz-January-16-2024"]
[Site "Chess.com"]
[Date "2024.01.16"]
[Round "7"]
[White "KononenkoD"]
[Black "MasterofMasters2006"]
[Result "1-0"]
[WhiteElo "2546"]
[BlackElo "2250"]
[TimeControl "180+1"]
[EndTime "9:20:57 PST"]
[Termination "KononenkoD won by resignation"]

1. e4 e5 2. Nf3 Nc6 3. d4 exd4 4. Nxd4 Nf6 5. Nc3 Bb4 6. Nxc6 bxc6 7. Bd3 d5 8. O-O O-O 9. Bd2 h6 10. h3 a5 11. Re1 Ba6 12. e5 Nd7 13. Qh5 Bxd3 14.
cxd3 Re8 15. d4 Nf8 16. a3 Bxc3 17. bxc3 Rb8 18. Re3 Qe7 19. Rg3 Ng6 20. f4 Qh4 21.
Qf3 Ne7 22. Rg4 Qxg4 23. Qxg4 Rb2 24. Be3 g6 25. Rf1 Nf5 26. Qf3 Rc2 27. Bc1 Rb8 28. Qd3 Ra2 29. g4 Ng7 30. f5 g5 31. h4 gxh4 32.
Qh3 Rc2 33. Qxh4 Rxc3 34. Bxh6 Rbb3 35. Qg5 Rg3+ 36. Kf2 Rgf3+ 37. Ke2 Rbe3+ 38. Qxe3 Rxe3+ 39. Bxe3 1-0